 Dungeon Crawl Stone Soup version 0.29.1-13-g9f3cf754e1 (webtiles) character file.

Game seed: 2725264517526674793

50022 theswoord the Cruncher (level 14, -1/106 (111) HPs)
             Began as a Demonspawn Gladiator on Jan 27, 2023.
             Was the Champion of Ru.
             Slain by an ettin
             ... wielding a +0 dire flail
              (19 damage)
             ... on level 10 of the Dungeon.
             The game lasted 00:47:07 (24193 turns).

theswoord the Cruncher (Demonspawn Gladiator)      Turns: 24193, Time: 00:47:08

HP:   -1/106 (111)  AC: 30    Str: 21    XL:     14   Next: 18%
MP:   14/14         EV: 12    Int:  9    God:    Ru [******]
Gold: 1192          SH:  4    Dex: 18    Spells: 13/13 levels left

rFire   + . .      SeeInvis .   r - +5 quarterstaff (elec)
rCold   . . .      Faith    .   (shield currently unavailable)
rNeg    . . .      Spirit   .   K - +1 plate armour {rF+}
rPois   .          Reflect  .   (no helmet)
rElec   .          Harm     .   q - +0 cloak
rCorr   .          Rampage  .   k - +1 pair of gloves
Will    ++...      Rage     3%  (no boots)
Stlth   ..........              (no amulet)
HPRegen 0.27/turn               v - ring of willpower
MPRegen 0.14/turn               I - ring "Wiunysa" {AC+4 Str+3 Dex+3}

@: on berserk cooldown, slowed, lightly drained, very slow
A: claws 1, yellow scales 2, icemail 1, no stealth, inability to use devices,
hated by all, no air magic, no hexes magic, no translocations magic, unskilled
1, condensation shield, demonic magic 2, berserk 1, dopey 1, wild magic 1,
sturdy frame 1
a: Renounce Religion, Draw Out Power, Power Leap, Apocalypse


You were on level 10 of the Dungeon.
You worshipped Ru.
Ru was exalted by your worship.
You visited 3 branches of the dungeon, and saw 17 of its levels.

You collected 1192 gold pieces.

Inventory:

Hand Weapons
 a - a +0 quarterstaff of venom
 r - a +5 quarterstaff of electrocution (weapon)
Missiles
 e - 8 javelins (quivered)
Armour
 b - a +0 leather armour
 c - a +0 helmet
 g - a +0 scale mail
 k - a +1 pair of gloves (worn)
 q - a +0 cloak (worn)
 J - +0 acid dragon scales
 K - a +1 plate armour of fire resistance (worn)
Jewellery
 f - a ring of positive energy
 v - a ring of willpower (left hand)
 x - a ring of protection from cold
 D - a ring of see invisible
 E - a ring of resist corrosion
 I - the ring "Wiunysa" (right hand) {AC+4 Str+3 Dex+3}
   (You found it on level 5 of the Lair of Beasts)

   [ring of protection]

   AC:        It affects your AC (+4).
   Str:       It affects your strength (+3).
   Dex:       It affects your dexterity (+3).
Wands
 w - a wand of acid (17)
Scrolls
 j - 3 scrolls of enchant weapon
 l - 3 scrolls of immolation
 s - 4 scrolls of fog
 u - 4 scrolls of teleportation
 y - a scroll of brand weapon
 B - a scroll of summoning
 C - 3 scrolls of enchant armour
 F - 3 scrolls of identify
 H - 2 scrolls of magic mapping
 M - 2 scrolls of poison
Potions
 h - 2 potions of brilliance
 i - 3 potions of magic
 m - 2 potions of cancellation
 n - 3 potions of attraction
 o - 3 potions of resistance
 p - 2 potions of might
 t - a potion of heal wounds
 z - 2 potions of degeneration
 A - 5 potions of lignification
 G - 3 potions of curing
 L - a potion of berserk rage
 N - a potion of ambrosia


   Skills:
 + Level 10.5 Fighting
 - Level 14.0 Staves
 - Level 1.5 Throwing
 + Level 9.4 Armour
 + Level 9.8 Dodging


You had 13 spell levels left.
You didn't know any spells.
Your spell library contained the following spells:

 Spells                   Type           Power      Damage    Failure   Level
 Spider Form              Tmut/Pois      0%         N/A       100%        3
 Olgreb's Toxic Radiance  Pois           0%         N/A       100%        4
 Agony                    Necr           0%         N/A       100%        5
 Mephitic Cloud           Conj/Pois/Air  Unusable   N/A       N/A         3
 Anguish                  Hex/Necr       Unusable   N/A       N/A         4
 Haunt                    Necr/Summ      Unusable   N/A       N/A         7

Dungeon Overview and Level Annotations

Branches:
Dungeon (11/15)            Temple (0/1) D:4            Lair (5/5) D:10
  Swamp (0/4) Lair:2       Spider (0/4) Lair:2        Slime (0/5) Lair:5
    Orc (1/2) D:10

Altars:
Ashenzari
Dithmenos
Kikubaaqudgha
Makhleb
Nemelex Xobeh
Okawaru
Qazlal
Ru
Sif Muna
Vehumet
Wu Jian
Xom

Shops:
D:3 [

Annotations:
D:11 exclusions: obsidian statue and orange crystal statue
Lair:2 exclusion: 3 oklob plants


Innate Abilities, Weirdness & Mutations

You have sharp fingernails.
You are mostly covered in yellow scales. (AC +3)
A meltable icy envelope protects you from harm. (AC +4)
You cannot be stealthy.
You cannot study or use magical devices.
You are hated by all.
You cannot study or cast Air magic.
You cannot study or cast Hexes magic.
You cannot study or cast Translocations magic.
You are somewhat unskilled. (-1 Apt)
A meltable shield of frost defends you. (SH +4)
Spells you cast may paralyse nearby enemies.
You sometimes lose your temper in combat.
You are dopey. (Int -2)
Your spells are a little harder to cast, but a little more powerful.
Your movements are slightly less encumbered by armour. (ER -2)


Message History

You hit the cyclops.
The cyclops is severely wounded.
You hit the cyclops.
The cyclops is severely wounded.
The cyclops hits you!
You hit the cyclops.
The cyclops is severely wounded.
The cyclops hits you.
You hit the cyclops but do no damage.
The cyclops is severely wounded.
You barely miss the cyclops.
The cyclops is severely wounded.
The cyclops hits you!!
You hit the cyclops. Lightning courses through the cyclops!
You kill the cyclops!
A cyclops comes into view.
An ettin comes into view. It is wielding two +0 dire flails.
The ettin shouts in stereo!
You hear a shout!
An orc comes into view. It is wielding a +0 short sword.
The cyclops throws a large rock.
The large rock hits you!!
* * * LOW HITPOINT WARNING * * *
The cyclops is stunned by your conviction and fails to attack.
Things that are here:
3 large rocks; a cyclops corpse
Things that are here:
a +0 dagger; a +0 robe; a warg corpse
There is a staircase back to the Dungeon, spattered with blood here.
The ettin barely misses you. x2; The ettin hits you but does no damage.
The ettin hits you with a +0 dire flail!!
* * * LOW HITPOINT WARNING * * *
You climb upwards.
Welcome back to the Dungeon!
There is a staircase to the Orcish Mines here.
Unknown command.
Throw: throwing net
Press: ? - help, Q - select action, (/) - cycle Shift-Dir - straight line, f - ettin
Aim: an ettin, wielding two +0 dire flails (85% to hit, immune to nets)
You throw a throwing net.
The throwing net barely misses the ettin.
The ettin hits you with a +0 dire flail!!
You die...

.............#..........###......
.......................#####.....
.................................
............................###..
...#.....................#...≈...
..###..########..###....#..#...#.
.## ##.#.....#8...##....#.##PP.##
..###..#.....#....##....#..PPPPP.
...#...#.._..)..@.......#≈.PP>...
.......#....)#[..C......#...PPPP.
.......#.....#8.........#.##...##
.......########....[.####..#...#.
................)...(#...#...≈...
.....................#.#....###..
.................................
..........###....................
...#......# #....................


You could see an ettin.

Vanquished Creatures
  The ghost of Xixaub Eqygg the Grappler, a journeyman DrTm of Okawaru (Lair:1)
  Erolcha (D:9)
  A merfolk avatar (Lair:5)
  6 hydras
  A two-headed ogre (D:10)
  6 death yaks
  An orc high priest (Orc:1)
  3 bog bodies (Lair:2)
  2 harpies (Lair:5)
  A wizard (D:9)
  A deep elf pyromancer (D:10)
  The ghost of Aryth the Prestidigitator, a novice GnWn (D:6)
  2 wolf spiders (Lair:1)
  4 cyclopes
  2 manticores
  6 elephants
  A gargoyle (D:10)
  10 cane toads
  2 torpor snails (Lair:5)
  5 black mambas
  4 rime drakes
  5 komodo dragons
  3 polar bears
  A wind drake (Lair:4)
  5 hornets
  2 trolls
  6 blink frogs
  2 snapping turtles (Lair:5)
  3 spriggans (Lair:1)
  A shadow (D:11)
  Sigmund (D:2)
  4 wyverns
  A vampire (D:11)
  56 yaks
  A redback (Lair:2)
  2 vampire mosquitoes (D:11)
  4 basilisks
  4 steam dragons
  A warg (Orc:1)
  2 acid dragons
  A swamp worm (Lair:2)
  13 water moccasins
  A floating eye (Lair:2)
  10 orc warriors
  A black bear (D:7)
  20 wolves
  7 ogres
  2 phantoms (D:4)
  8 centaurs
  A kobold brigand (D:7)
  4 necrophages
  14 bullfrogs
  4 wights (D:9)
  2 killer bees (D:8)
  2 howler monkeys
  An electric eel (Lair:2)
  A crimson imp (D:9)
  7 orc priests
  3 hounds
  3 jellies
  Crazy Yiuf (D:2)
  29 orc wizards
  2 hell rats (Lair:5)
  Robin (D:2)
  7 gnolls
  17 adders
  4 river rats (Lair:5)
  2 shadow imps
  3 worms
  4 dart slugs
  59 orcs
  5 ball pythons
  9 endoplasms
  2 giant cockroaches (D:1)
  14 goblins
  11 hobgoblins
  15 kobolds
  4 quokkas
  5 bats
  9 frilled lizards
  12 rats
485 creatures vanquished.

Vanquished Creatures (collateral kills)
  A steam dragon (D:6)
  4 killer bees (D:7)
5 creatures vanquished.

Vanquished Creatures (others)
  An angel (D:7)
  A hydra (Lair:3)
  A cane toad (Lair:2)
  A polar bear (Lair:5)
  A water moccasin (Lair:5)
  A bullfrog (Lair:2)
  A frilled lizard zombie (D:3)
  50 fungi
  96 plants
153 creatures vanquished.

Grand Total: 643 creatures vanquished

Notes
Turn   | Place    | Note
-------+----------+-------------------------------------------
     0 | D:1      | theswoord the Demonspawn Gladiator began the quest for the
                  | Orb.
     0 | D:1      | Reached XP level 1. HP: 16/16 MP: 1/1
   168 | D:1      | Reached skill level 3 in Staves
   493 | D:1      | Gained mutation: You are partially covered in yellow
                  | scales. (AC +2) [demonic ancestry]
   493 | D:1      | Reached XP level 2. HP: 22/22 MP: 2/2
  1164 | D:1      | Gained mutation: Spells you cast may paralyse adjacent
                  | enemies. [demonic ancestry]
  1164 | D:1      | Reached XP level 3. HP: 27/27 MP: 3/3
  1436 | D:2      | Noticed Sigmund
  1446 | D:2      | Killed Sigmund
  1447 | D:2      | Reached skill level 5 in Staves
  1447 | D:2      | Reached XP level 4. HP: 25/33 MP: 4/4
  1447 | D:2      | Gained mutation: You are mostly covered in yellow scales.
                  | (AC +3) [demonic ancestry]
  1447 | D:2      | Reached XP level 5. HP: 29/38 MP: 5/5
  1450 | D:2      | Noticed Robin
  1889 | D:2      | Killed Robin
  1901 | D:2      | Reached skill level 6 in Staves
  2245 | D:2      | Found a runed translucent door.
  2246 | D:2      | Noticed Crazy Yiuf
  2287 | D:2      | Killed Crazy Yiuf
  2288 | D:2      | Gained mutation: You have sharp fingernails. [demonic
                  | ancestry]
  2288 | D:2      | Reached XP level 6. HP: 30/44 MP: 6/6
  2435 | D:2      | Found a faded altar of an unknown god.
  2575 | D:3      | Found an iron altar of Okawaru.
  2577 | D:3      | Got the Volume of Diablerie
  2625 | D:3      | Found a broken altar of Ashenzari.
  2965 | D:3      | Found a blossoming altar of Fedhas.
  2973 | D:3      | Found Wizi's Armour Shop.
  3462 | D:3      | Found a large runed translucent door.
  3472 | D:3      | Found a large runed translucent door.
  3562 | D:3      | Found a sparkling altar of Nemelex Xobeh.
  3608 | D:3      | Found a shimmering blue altar of Sif Muna.
  3614 | D:3      | Found a radiant altar of Vehumet.
  3665 | D:4      | Reached skill level 7 in Staves
  3805 | D:4      | Reached XP level 7. HP: 45/50 MP: 7/7
  4050 | D:4      | Found a sacrificial altar of Ru.
  4198 | D:4      | Became a worshipper of Ru the Awakened
  4277 | D:4      | Found a stormy altar of Qazlal.
  4519 | D:4      | Found a staircase to the Ecumenical Temple.
  4620 | D:5      | Entered Level 5 of the Dungeon
  4666 | D:5      | Reached skill level 8 in Staves
  4973 | D:5      | Reached skill level 9 in Staves
  4973 | D:5      | Reached XP level 8. HP: 56/56 MP: 8/8
  5003 | D:5      | Found a basalt altar of Yredelemnul.
  5297 | D:5      | Found an ornate altar of the Wu Jian Council.
  5621 | D:6      | Gained mutation: You have a somewhat thin skeletal
                  | structure. (Dex +2, Stealth+) [potion of mutation]
  5847 | D:6      | Reached skill level 10 in Staves
  5860 | D:6      | Gained mutation: You cannot be stealthy. [Ru sacrifice]
  6028 | D:6      | Lost mutation: You have a somewhat thin skeletal structure.
                  | (Dex +2, Stealth+) [potion of mutation]
  6028 | D:6      | Gained mutation: You are dopey. (Int -2) [potion of
                  | mutation]
  6028 | D:6      | Gained mutation: You have a somewhat thin skeletal
                  | structure. (Dex +2, Stealth+) [potion of mutation]
  6029 | D:6      | Lost mutation: You have a somewhat thin skeletal structure.
                  | (Dex +2, Stealth+) [potion of mutation]
  6029 | D:6      | Lost mutation: You are dopey. (Int -2) [potion of mutation]
  6029 | D:6      | Gained mutation: You have hidden genetic defects. [potion
                  | of mutation]
  6029 | D:6      | Gained mutation: You have a pair of small horns on your
                  | head. [potion of mutation]
  6029 | D:6      | Gained mutation: Your muscles are strong. (Str +4, Int/Dex
                  | -1) [potion of mutation]
  6093 | D:6      | Found a runed translucent door.
  6106 | D:6      | Noticed Aryth's ghost (novice GnWn)
  6266 | D:6      | Killed Aryth's ghost
  6267 | D:6      | Reached skill level 11 in Staves
  6267 | D:6      | Reached XP level 9. HP: 54/61 MP: 9/9
  6286 | D:6      | Gained mutation: You are dopey. (Int -2) [hidden defects]
  6393 | D:6      | Found a burning altar of Makhleb.
  6463 | D:6      | Found an ancient bone altar of Kikubaaqudgha.
  6680 | D:7      | Found a hazy altar of Hepliaklqana.
  6825 | D:7      | Found a shimmering altar of Xom.
  6829 | D:7      | Noticed an angel
  7424 | D:7      | Reached skill level 12 in Staves
  7429 | D:7      | Gained mutation: Your body sometimes deteriorates upon
                  | taking damage. [hidden defects]
  7429 | D:7      | Lost mutation: You have hidden genetic defects. [hidden
                  | defects expressed]
  7621 | D:7      | Lost mutation: Your body sometimes deteriorates upon taking
                  | damage. [potion of mutation]
  7621 | D:7      | Lost mutation: Your muscles are strong. (Str +4, Int/Dex
                  | -1) [potion of mutation]
  7621 | D:7      | Lost mutation: You have a pair of small horns on your head.
                  | [potion of mutation]
  7621 | D:7      | Gained mutation: Your spells are a little harder to cast,
                  | but a little more powerful. [potion of mutation]
  7621 | D:7      | Gained mutation: You sometimes lose your temper in combat.
                  | [potion of mutation]
  7621 | D:7      | Gained mutation: Your movements are slightly less
                  | encumbered by armour. (ER -2) [potion of mutation]
  7822 | D:7      | Killed an angel
  8835 | D:8      | Reached skill level 13 in Staves
  9277 | D:9      | Noticed a wizard
  9289 | D:9      | Killed a wizard
  9290 | D:9      | Reached XP level 10. HP: 65/67 MP: 10/10
  9308 | D:9      | Gained mutation: You are somewhat unskilled. (-1 Apt) [Ru
                  | sacrifice]
  9308 | D:9      | Reduced skill Fighting to level 1
  9308 | D:9      | Reduced skill Staves to level 12
  9308 | D:9      | Reached * piety under Ru
  9308 | D:9      | Reached ** piety under Ru
  9543 | D:9      | Got the Tractate on the Stinger
  9698 | D:9      | Reached skill level 13 in Staves
 10118 | D:9      | Noticed Erolcha
 10134 | D:9      | Killed Erolcha
 10687 | D:10     | Entered Level 10 of the Dungeon
 10910 | D:10     | Found a staircase to the Orcish Mines.
 10910 | D:10     | Noticed a deep elf pyromancer
 10918 | D:10     | Killed a deep elf pyromancer
 10919 | D:10     | Reached skill level 1 in Armour
 10965 | D:10     | Noticed a gargoyle
 10982 | D:10     | Killed a gargoyle
 11077 | D:10     | Found a staircase to the Lair.
 11289 | D:10     | Gained mutation: A meltable shield of frost defends you.
                  | (SH +4) [demonic ancestry]
 11289 | D:10     | Reached XP level 11. HP: 75/75 MP: 11/11
 11415 | D:10     | Found a shadowy altar of Dithmenos.
 11498 | Lair:1   | Entered Level 1 of the Lair of Beasts
 12087 | Lair:1   | Reached skill level 14 in Staves
 12908 | Lair:1   | Gained mutation: You cannot study or cast Air magic. [Ru
                  | sacrifice]
 12908 | Lair:1   | Gained mutation: You cannot study or cast Hexes magic. [Ru
                  | sacrifice]
 12908 | Lair:1   | Gained mutation: You cannot study or cast Translocations
                  | magic. [Ru sacrifice]
 12908 | Lair:1   | Reached *** piety under Ru
 12947 | Lair:1   | Noticed a wolf spider
 12947 | Lair:1   | Noticed a wolf spider
 12969 | Lair:1   | Killed a wolf spider
 12979 | Lair:1   | Killed a wolf spider
 12980 | Lair:1   | Reached skill level 5 in Fighting
 12984 | Lair:1   | Reached skill level 5 in Dodging
 13322 | Lair:1   | Found a runed translucent door.
 13327 | Lair:1   | Noticed a four-headed hydra
 13336 | Lair:1   | Killed a four-headed hydra
 13840 | Lair:1   | Noticed Xixaub Eqygg's ghost (journeyman DrTm)
 13841 | Lair:1   | Identified the +3 trident of Ryamuc {pain, rC- rCorr Str+4
                  | SInv}
 13846 | Lair:1   | Noticed a spriggan rider
 14006 | Lair:2   | You fall into a shaft and drop 2 floors!
 14041 | Lair:4   | Noticed a four-headed hydra
 14090 | Lair:3   | Reached skill level 5 in Armour
 14096 | Lair:3   | Gained mutation: A meltable icy envelope protects you from
                  | harm. (AC +4) [demonic ancestry]
 14096 | Lair:3   | Reached XP level 12. HP: 65/88 MP: 12/12
 14657 | Lair:2   | Found a hole to the Spider Nest.
 14779 | Lair:2   | Found an ornate altar of the Wu Jian Council.
 15225 | Lair:2   | Gained mutation: You cannot study or use magical devices.
                  | [Ru sacrifice]
 15225 | Lair:2   | Reached **** piety under Ru
 15225 | Lair:2   | Reached ***** piety under Ru
 15710 | Lair:1   | Killed Xixaub Eqygg's ghost
 16072 | Lair:2   | Noticed an eight-headed hydra
 16081 | Lair:2   | Killed an eight-headed hydra
 16592 | Lair:2   | Found a staircase to the Swamp.
 17271 | Lair:3   | Noticed a four-headed hydra
 17273 | Lair:3   | Noticed a seven-headed hydra
 17337 | Lair:3   | Killed a seven-headed hydra
 17344 | Lair:3   | Killed a four-headed hydra
 17356 | Lair:3   | Gained mutation: Spells you cast may paralyse nearby
                  | enemies. [demonic ancestry]
 17356 | Lair:3   | Reached XP level 13. HP: 37/98 MP: 13/13
 17718 | Lair:3   | Paralysed by a hornet for 2 turns
 18698 | Lair:4   | Gained mutation: You are hated by all. [Ru sacrifice]
 18698 | Lair:4   | Reached ****** piety under Ru
 19458 | Lair:5   | Entered Level 5 of the Lair of Beasts
 19888 | Lair:5   | HP: 4/100 [wind drake/the air (16)]
 22245 | Lair:5   | Identified the ring "Wiunysa" {AC+4 Str+3 Dex+3}
 22247 | Lair:5   | Identified the +6 rapier of the Hurting Saviour {drain,
                  | rF+}
 22339 | Lair:5   | Reached skill level 10 in Fighting
 22700 | Lair:5   | Found a staircase to the Slime Pits.
 23188 | D:11     | Reached XP level 14. HP: 82/110 MP: 14/14
 23883 | Orc:1    | Entered Level 1 of the Orcish Mines
 24193 | D:10     | Slain by an ettin

Skill      XL: |  1  2  3  4  5  6  7  8  9 10 11 12 13 |
---------------+----------------------------------------+-----
Staves         | 3 5 6 7 9 11 13 13 14 | 14.0
Fighting       | 3 6 8 10 | 10.5
Armour         | 2 5 7 9 |  9.4
Dodging        | 3 5 7 9 |  9.8
Throwing       | |  1.5

Action                   |  1- 3 |  4- 6 |  7- 9 | 10-12 | 13-15 || total
-------------------------+-------+-------+-------+-------+-------++-------
Melee: Quarterstaff      |    80 |   147 |   317 |   621 |   529 ||  1694
       Headbutt          |       |       |    14 |       |       ||    14
Throw: Throwing net      |       |       |     2 |     1 |     1 ||     4
Invok: Sacrifice Stealth |       |       |     1 |       |       ||     1
       Sacrifice Skill   |       |       |       |     1 |       ||     1
       Sacrifice Arcana  |       |       |       |     1 |       ||     1
       Apocalypse        |       |       |       |     1 |     1 ||     2
       Sacrifice Artific |       |       |       |     1 |       ||     1
       Power Leap        |       |       |       |       |     3 ||     3
       Draw Out Power    |       |       |       |       |     1 ||     1
       Sacrifice Love    |       |       |       |       |     1 ||     1
  Use: Scroll            |     5 |     4 |    17 |     7 |     4 ||    37
       Potion            |       |     1 |    11 |     3 |     3 ||    18
 Stab: Confused          |       |       |     1 |       |       ||     1
       Distracted        |       |       |       |     4 |       ||     4
       Invisible         |       |       |       |     2 |     5 ||     7
       Paralysed         |       |       |       |     1 |     4 ||     5
Armor: Leather armour    |    27 |    55 |       |       |       ||    82
       Scale mail        |       |     5 |   163 |    92 |       ||   260
       Plate armour      |       |       |       |   119 |   268 ||   387
Dodge: Dodged            |    49 |    94 |   187 |   190 |   180 ||   700
Block: Other             |       |       |       |    45 |    51 ||    96

Levels and vault maps discovered:
D:1:      dpeg_arrival_arbitrary_b, layout_basic, serial_co_window_serial,
          co_window_corner_a, co_window_of_opportunity_a, co_window_paths_a,
          co_window_corner_a, co_window_corner_a, co_window_cross_4,
          co_window_paths_c, co_window_of_opportunity_c, co_window_broadway_b,
          co_window_2corner, co_window_corner_b, co_window_unsneaky_path_e,
          glass_columns_b, glass_columns_a
D:2:      layout_rooms, shapermc_ecumenical_altar_acropolis,
          kennysheep_another_room, minmay_pentomino_v4, uniq_robin,
          uniq_crazy_yiuf_cottage, uniq_terence, uniq_sigmund
D:3:      layout_loops_cross, nicolae_overflow_hidden_temple,
          ashenzari_conservatory_becter, nemelex_diamond_rough_becter,
          okawaru_trees_2, jmf_multi_god_temple2, serial_shops,
          nicolae_shop_stone
D:4:      layout_basic, mainiacjoe_overflow_six_doors_small,
          nicolae_ru_the_path_less_chosen, minmay_temple_entry_glassed_door,
          minivault_23
D:5:      layout_loops_ring, amcnicky_altar_gilded, mainiacjoe_overflow_catwalk,
          kennysheep_decorative_pillar
D:6:      layout_loops_cross, mainiacjoe_overflow_alcove_4, bloody_makhleb,
          ebering_ghost_reflecting_pool
D:7:      layout_basic, kennysheep_little_box,
          grunt_temple_overflow_order_and_chaos_1
D:8:      layout_gridville
D:9:      layout_loops_cross, hangedman_abyss_or_decor_stagger,
          lightli_wizard_tower, uniq_erolcha
D:10:     layout_big_octagon, grunt_dithmenos_smoke_and_mirrors,
          dpeg_oklobed_lair, minmay_orc_entry_temple_small
D:11:     layout_cave_pools, david_greed
Lair:1:   minmay_lair_venomous_thicket, layout_gridlike,
          ebering_ghost_funeral_grove, nicolae_lair_run_with_the_wolves,
          grunt_megastairs_5, lemuel_fruit_fields
Lair:2:   layout_layer_cave, nicolae_swamp_entry_splash_gauntlet,
          spider_nest_entry_rubble, serial_rivers, chequers_serial_rivers_marsh,
          chequers_serial_rivers_micro_c, chequers_serial_rivers_micro_c,
          chequers_serial_rivers_micro_b, basic_altar, disabler_island
Lair:3:   layout_chaotic_city, minivault_27, infiniplex_staircase_pool_2
Lair:4:   layout_layer_cave
Lair:5:   gammafunk_lair_ancient_temple, layout_gridlike,
          dpeg_slime_entry_enclosed, kennysheep_abandoned_house
Orc:1:    giant_chief_lemuel, layout_caves
